 Dungeon Crawl Stone Soup version 0.21-a0-150-gc243083 (webtiles) character file.

1168 Tzitzimitl the Poker (level 8, -4/64 HPs)
             Began as a Demonspawn Wanderer on July 29, 2017.
             Was a Follower of Okawaru.
             Killed from afar by dricus's ghost (10 damage)
             ... with an orb of energy
             ... on level 6 of the Dungeon.
             The game lasted 00:11:20 (5021 turns).

Tzitzimitl the Poker (Demonspawn Wanderer)          Turns: 5021, Time: 00:11:20

Health: -4/64      AC: 13    Str: 15    XL:     8   Next: 17%
Magic:  8/8        EV: 13    Int: 15    God:    Okawaru [*.....]
Gold:   284        SH:  0    Dex: 11    Spells: 7/7 levels left

rFire    . . .     SeeInvis .   o - +1 spear
rCold    . . .     Gourm    .   (no shield)
rNeg     . . .     Faith    .   A - +0 chain mail
rPois    .         Spirit   .   p - +0 helmet
rElec    .         Reflect  .   (no cloak)
rCorr    .         Harm     .   (no gloves)
MR       .....                  (no boots)
Stlth    ..........             g - amulet of regeneration
HPRegen  0.60/turn              i - +4 ring of evasion
MPRegen  0.11/turn              C - +3 ring of protection

@: no status effects
A: talons 1, rot immunity, sturdy frame 2
a: Heroism, Renounce Religion


You were on level 6 of the Dungeon.
You worshipped Okawaru.
Okawaru was aware of your devotion.
You were not hungry.

You visited 2 branches of the dungeon, and saw 7 of its levels.

You collected 284 gold pieces.

Inventory:

Hand Weapons
 b - a +4 dagger
 d - a +0 club
 o - a +1 spear (weapon)
 q - a +0 dagger of venom
Armour
 c - a +0 ring mail
 p - a +0 helmet (worn)
 A - a +0 chain mail (worn)
Jewellery
 g - an amulet of regeneration (around neck)
 i - a +4 ring of evasion (left hand)
 m - an uncursed amulet of inaccuracy
 x - an uncursed amulet of rage
 y - an uncursed ring of see invisible
 C - a +3 ring of protection (right hand)
Wands
 a - a wand of confusion (43/48)
 D - a wand of confusion (23/48)
Scrolls
 e - 2 scrolls of fog
 h - 3 scrolls of identify
 j - 5 scrolls of remove curse
 k - 3 scrolls of teleportation
 l - 2 scrolls of immolation
 n - 3 scrolls of amnesia
 s - a scroll of enchant weapon
 v - 2 scrolls of recharging
 F - a scroll of magic mapping
 G - 2 scrolls of blinking
Potions
 t - 2 potions of curing
 z - 2 potions of flight {unknown}
 B - 3 potions of heal wounds {unknown}
 E - 2 potions of ambrosia {unknown}
 I - a potion of mutation {unknown}
Comestibles
 f - 2 bread rations
 r - 6 meat rations
 u - a royal jelly
 w - 2 fruits


   Skills:
 + Level 6.2 Fighting
 * Level 6.9 Polearms
   Level 1.7 Bows
 - Level 1.0 Throwing
 - Level 2.6 Armour
 - Level 1.0 Dodging
 - Level 1.0 Evocations


You had 7 spell levels left.
You didn't know any spells.

Dungeon Overview and Level Annotations

Branches:
Dungeon (6/15)             Temple (1/1) D:4

Altars:
Ashenzari
Cheibriados
Dithmenos
Elyvilon
Fedhas
Gozag
Hepliaklqana
Kikubaaqudgha
Makhleb
Nemelex Xobeh
Okawaru
Qazlal
Ru
Sif Muna
Trog
Uskayaw
Vehumet
Wu Jian
Xom
Yredelemnul
Zin
The Shining One

Annotations:
D:6 dricus's ghost, novice DECj


Innate Abilities, Weirdness & Mutations

You have sharp toenails.
You are immune to rotting.
Your movements are less encumbered by armour. (ER -4)


Message History

Dricus's ghost casts a spell at you. The magic dart hits you!
Dricus's ghost hits you.
* * * LOW HITPOINT WARNING * * *
Things that are here:
a mace; a scale mail You closely miss dricus's ghost.
Your kick misses dricus's ghost.
Dricus's ghost hits you but does no damage.
You hit dricus's ghost but do no damage.
You hit dricus's ghost. Your kick misses dricus's ghost.
Dricus's ghost is lightly damaged.
Dricus's ghost barely misses you.
You miss dricus's ghost.
Dricus's ghost is lightly damaged.
Dricus's ghost hits you but does no damage.
You closely miss dricus's ghost. Your kick misses dricus's ghost.
Dricus's ghost is lightly damaged.
Dricus's ghost gestures at you while chanting.
The orb of energy hits you!
You die...

#.# #.# # #.# #####.
#.#### ......#####
#..... ......(...#
#.##..
######.#.#########)##†#
.######)#...........##.#
......W@##########..##.#
..####..# #...... #..#
#..##.# #..# #<.##.#
#..# #..##.# ....
#..##.# ...# #... ##.##


You could see dricus's ghost.

Vanquished Creatures
  The ghost of dricus the Chopper, a novice FoAK of Lugonu (D:4)
  An orc warrior (D:6)
  The ghost of dricus the Insei, an amateur OpTm (D:3)
  A crimson imp (D:5)
  4 orc priests
  Jessica (D:2)
  An iguana (D:5)
  2 orc wizards (D:4)
  3 worker ants
  Robin (D:2)
  2 gnolls
  9 adders
  A shadow imp (D:5)
  5 worms
  A dart slug (D:2)
  5 leopard geckos
  8 orcs
  7 bats
  13 giant cockroaches
  18 goblins
  13 hobgoblins
  4 jackals (D:2)
  2 quokkas
  A ball python (D:2)
  8 frilled lizards
  10 kobolds
  A leopard gecko skeleton (D:5)
  4 rats
128 creatures vanquished.

Notes
Turn   | Place    | Note
-------+----------+-------------------------------------------
     0 | D:1      | Tzitzimitl the Demonspawn Wanderer began the quest for the Orb.
     0 | D:1      | Tzitzimitl set off with: a wand of confusion (15/48), a potion of curing, a +0 ring mail, a +0 club, a bread ration
     0 | D:1      | Reached XP level 1. HP: 13/13 MP: 1/1
    85 | D:1      | Reached skill level 1 in Fighting
   280 | D:2      | Gained mutation: You have sharp toenails. [demonic ancestry]
   280 | D:2      | Reached XP level 2. HP: 12/21 MP: 2/2
   594 | D:2      | Noticed Jessica
   720 | D:2      | Reached XP level 3. HP: 28/28 MP: 3/3
   783 | D:2      | Noticed Robin
   820 | D:2      | Killed Robin
  1040 | D:2      | Found a blossoming altar of Fedhas.
  1196 | D:2      | Reached XP level 4. HP: 35/36 MP: 4/4
  1205 | D:2      | Killed Jessica
  1544 | D:1      | Gained mutation: Your movements are slightly less encumbered by armour. (ER -2) [demonic ancestry]
  1544 | D:1      | Reached XP level 5. HP: 42/42 MP: 5/5
  2167 | D:3      | Noticed dricus's ghost (amateur OpTm)
  2192 | D:3      | Killed dricus's ghost
  2271 | D:3      | Found a shimmering altar of Xom.
  2272 | D:3      | Found a shimmering altar of Xom.
  2272 | D:3      | Found a shimmering altar of Xom.
  2273 | D:3      | Found a shimmering altar of Xom.
  2393 | D:3      | Reached XP level 6. HP: 22/49 MP: 6/6
  2997 | D:4      | Found a staircase to the Ecumenical Temple.
  3006 | Temple   | Entered the Ecumenical Temple
  3065 | Temple   | Became a worshipper of Warmaster Okawaru
  3256 | D:4      | Noticed dricus's ghost (novice FoAK)
  3345 | D:4      | Killed dricus's ghost
  3345 | D:4      | Reached * piety under Okawaru
  3345 | D:4      | Reached skill level 5 in Fighting
  3345 | D:4      | Reached skill level 5 in Polearms
  3345 | D:4      | Gained mutation: Your movements are less encumbered by armour. (ER -4) [demonic ancestry]
  3345 | D:4      | Reached XP level 7. HP: 56/56 MP: 7/7
  4059 | D:5      | Entered Level 5 of the Dungeon
  4613 | D:5      | Found an iron altar of Okawaru.
  4628 | D:5      | Gained mutation: You are immune to rotting. [demonic ancestry]
  4628 | D:5      | Reached XP level 8. HP: 58/64 MP: 8/8
  4972 | D:6      | Noticed dricus's ghost (novice DECj)
  4987 | D:6      | HP: 2/64 [orc priest/divine providence (13)]
  5008 | D:6      | HP: 2/64 [dricus's ghost/magic dart (3)]
  5014 | D:6      | HP: 3/64 [dricus's ghost (1)]
  5021 | D:6      | Killed from afar by dricus's ghost

Vault maps used:
D:1:      saegor_arrival_simple_d
D:2:      minmay_roachtagon, lemuel_round_altar, uniq_robin, uniq_jessica
D:3:      first_bread, xom_redecorated
D:4:      temple_fountains
D:5:      okawaru_altar_gauntlet_db
D:6:      minivault_22, hangedman_abyss_or_decor_lesser_grid,
          hangedman_abyss_or_decor_stagger
Temple:   dpeg_three_leaves_temple

Skill      XL: |  1  2  3  4  5  6  7 |
---------------+----------------------+-----
Fighting       | 1 2 3 4 5 6 |  6.2
Polearms       | 2 3 5 6 |  6.9
Bows           | |  1.7
Throwing       | |  1.0
Armour         | |  2.6
Dodging        | |  1.0
Evocations     | |  1.0

Action                   |  1- 3 |  4- 6 |  7- 9 || total
-------------------------+-------+-------+-------++-------
Melee: Club              |    78 |       |       ||    78
       Dagger            |   102 |   199 |   106 ||   407
       Kick              |    25 |    30 |    44 ||    99
       Spear             |       |       |    91 ||    91
Evoke: Wand              |     1 |     6 |       ||     7
  Use: Potion            |     2 |     3 |       ||     5
       Scroll            |       |       |    11 ||    11
 Stab: Confused          |     1 |     2 |       ||     3
  Eat: Chunk             |     1 |     2 |     6 ||     9
       Bread ration      |       |     1 |       ||     1
Armor: Ring mail         |    66 |    41 |       ||   107
       Skin              |    23 |    15 |       ||    38
       Chain mail        |       |    20 |    55 ||    75
Dodge: Dodged            |   119 |   113 |    94 ||   326
